 Dungeon Crawl Stone Soup version 0.31-a0-18-gea43df2a32 (webtiles) character file.

Game seed: 6977024992106338114

52874 vineage the Impaler (level 14, -1/120 HPs)
             Began as a Merfolk Fighter on May 12, 2023.
             Was a High Priest of Okawaru.
             Slain by a death yak (20 damage)
             ... led by a torpor snail
             ... on level 5 of the Lair of Beasts.
             The game lasted 00:22:41 (18063 turns).

vineage the Impaler (Merfolk Fighter)              Turns: 18063, Time: 00:22:41

Health: -1/120     AC: 20    Str: 19    XL:     14   Next: 66%
Magic:  16/16      EV: 11    Int:  7    God:    Okawaru [*****.]
Gold:   951        SH: 16    Dex: 16    Spells: 13/13 levels left

rFire   . . .        C - +4 trident (freeze)
rCold   . . .        v - +0 tower shield
rNeg    . . .        j - +0 chain mail
rPois   .            t - +0 helmet
rElec   .            (no cloak)
rCorr   .            B - +0 pair of gloves
SInv    .            b - +0 pair of boots
Will    ++...        o - amulet of regeneration Stlth
                     K - ring of willpower
HPRegen 1.20/turn    D - +4 ring of protection
MPRegen 0.15/turn

%: no passive effects
@: no status effects
A: (nimble swimmer 2), mertail
a: Renounce Religion, Heroism, Finesse, Duel


You were on level 5 of the Lair of Beasts.
You worshipped Okawaru.
Okawaru was extremely pleased with you.
You visited 3 branches of the dungeon, and saw 18 of its levels.

You collected 951 gold pieces.

Inventory:

Hand Weapons
 a - a +1 trident
 s - a +2 trident of protection
 C - a +4 trident of freezing (weapon)
Missiles
 r - 4 throwing nets (quivered)
Armour
 b - a +0 pair of boots (worn)
 c - a +0 buckler
 j - a +0 chain mail (worn)
 t - a +0 helmet (worn)
 v - a +0 tower shield (worn)
 B - a +0 pair of gloves (worn)
Jewellery
 f - a ring of wizardry
 m - a ring of positive energy
 o - an amulet of regeneration (around neck)
 x - an amulet of magic regeneration
 D - a +4 ring of protection (right hand)
 G - a ring of resist corrosion
 J - a ring of fire
 K - a ring of willpower (left hand)
 L - an amulet of guardian spirit
 O - a ring of ice
 V - the ring "Nisur" {rF+ rN+}
   (You found it on level 5 of the Lair of Beasts)

   [ring of positive energy]

   rF:        It protects you from fire.
   rN:        It protects you from negative energy.
Wands
 i - a wand of roots (17)
 F - a wand of digging (1)
 Q - a wand of mindburst (11)
 R - a wand of polymorph (7)
 U - a wand of flame (15)
Scrolls
 d - 4 scrolls of vulnerability
 g - a scroll of teleportation
 y - 5 scrolls of enchant weapon
 z - 3 scrolls of magic mapping
 I - 2 scrolls of identify
 M - a scroll of fog
 N - 2 scrolls of fear
 S - a scroll of amnesia
 T - a scroll of enchant armour {unknown}
Potions
 e - 4 potions of attraction
 h - 4 potions of haste
 k - 3 potions of mutation
 l - a potion of lignification
 n - 6 potions of ambrosia
 p - 4 potions of curing
 q - 4 potions of invisibility
 u - 2 potions of brilliance
 w - 2 potions of heal wounds
 A - a potion of might
 E - a potion of cancellation
 H - 2 potions of magic
 P - a potion of flight


   Skills:
 + Level 14.0 Fighting
 + Level 16.3 Polearms
 + Level 10.1 Armour
 + Level 12.0 Dodging
 + Level 9.9 Shields
 - Level 3.0 Invocations


You had 13 spell levels left.
You didn't know any spells.
Your spell library contained the following spells:

 Spells                   Type           Power      Damage    Failure   Level
 Sandblast                Erth           0%         2d4       100%        1
 Passwall                 Tmut/Erth      0%         N/A       100%        2
 Poisonous Vapours        Pois/Air       0%         N/A       100%        2
 Dazzling Flash           Conj/Hex       0%         N/A       100%        3
 Mephitic Cloud           Conj/Pois/Air  0%         N/A       100%        3
 Stone Arrow              Conj/Erth      0%         3d7       100%        3
 Volatile Blastmotes      Fire/Tloc      0%         2d10      100%        3
 Iskenderun's Mystic Bla  Conj/Tloc      0%         2d3       100%        4
 Freezing Cloud           Conj/Ice/Air   0%         6-21      100%        5
 Starburst                Conj/Fire      0%         6d3       100%        6


Dungeon Overview and Level Annotations

Branches:
Dungeon (12/15)            Temple (1/1) D:4            Lair (5/5) D:11
 Shoals (0/4) Lair:2        Snake (0/4) Lair:2          Orc (0/2) D:10
  Slime: Lair:4-5

Altars:
Ashenzari
Cheibriados
Dithmenos
Elyvilon
Fedhas
Gozag
Hepliaklqana
Kikubaaqudgha
Makhleb
Nemelex Xobeh
Okawaru
Qazlal
Ru
Sif Muna
Trog
Uskayaw
Vehumet
Wu Jian
Xom
Yredelemnul
Zin
The Shining One
Jiyva

Portals:
Ice
Cave: D:12

Annotations:
Lair:2 3 runed translucent doors, Flippered's ghost, journeyman AtFi


Innate Abilities, Weirdness & Mutations

((You are very nimble when in or above water. (Stealth+, EV+, Speed+++)))
Your lower body shifts to a powerful aquatic tail in water.


Message History

The death yak gores you!
* * * LOW HITPOINT WARNING * * *
You block the death yak's attack.
You hit the death yak. You freeze the death yak.
The death yak is severely wounded.
You fail to use your ability.
The death yak gores you.
* * * LOW HITPOINT WARNING * * *
You block the death yak's attack.
You hit the death yak. You freeze the death yak.
The death yak is severely wounded.
You block the death yak's attack.
The death yak gores you but does no damage.
You puncture the death yak! You freeze the death yak.
The death yak is almost dead.
The death yak barely misses you. The death yak gores you!
* * * LOW HITPOINT WARNING * * *
You puncture the death yak! You freeze the death yak.
You kill the death yak!
Okawaru accepts your kill. You block the death yak's attack.
You puncture the death yak! You freeze the death yak.
The death yak is lightly wounded.
You feel like a meek peon again. The death yak misses you.
You hit the death yak but do no damage.
The death yak is lightly wounded.
You impale the death yak!! You freeze the death yak.
The death yak is heavily wounded.
You block the death yak's attack.
You puncture the death yak! You freeze the death yak.
The death yak is severely wounded.
You block the death yak's attack.
You hit the death yak. You freeze the death yak.
The death yak is severely wounded.
The death yak gores you.
* * * LOW HITPOINT WARNING * * *
You puncture the death yak! You freeze the death yak!
The death yak is almost dead.
The death yak gores you!!
You die...

### #.. ### ##..
###.## #...##
#.#... #..@####
##.###....#
##Y†P.P#
.......<.†. #.P...#
...........
##....##...........
##.#..##........##
####..#....######
#........# #
##....P.## ...#.###


You could see a death yak.

Vanquished Creatures
  Fannar (Lair:2)
  2 hydras
  A catoblepas (Lair:4)
  2 two-headed ogres
  12 death yaks
  2 skysharks
  5 skeletal warriors
  Amaemon (D:9)
  An ugly thing (D:11)
  2 cyclopes
  14 elephants
  5 black mambas
  A merfolk siren (Lair:2)
  2 torpor snails
  5 cane toads
  Psyche (D:9)
  An orange demon (D:9)
  2 rime drakes
  2 unseen horrors
  A queen bee (Lair:4)
  3 polar bears
  A troll (D:11)
  3 meliai (Lair:4)
  5 hornets (Lair:5)
  8 dream sheep (Lair:5)
  8 blink frogs (Lair:1)
  3 shadows
  52 yaks
  A wraith (D:11)
  11 spriggans (Lair:5)
  3 wyverns
  5 basilisks
  4 steam dragons
  Menkaure (D:7)
  4 nagas (Lair:2)
  3 acid dragons
  A sky beast (D:6)
  15 water moccasins
  An orc warrior (D:11)
  An ice beast (D:7)
  An ogre (D:7)
  2 boggarts (Lair:5)
  7 black bears
  23 wolves
  10 centaurs
  3 kobold brigands
  11 bullfrogs
  2 gnoll sergeants
  5 scorpions
  3 wights (D:8)
  25 killer bees
  2 howler monkeys (D:11)
  3 hounds
  5 orc priests
  3 jellies
  4 gnoll boudas
  An iguana (D:5)
  Natasha (thrice) (D:4)
  4 orc wizards
  23 gnolls
  4 adders
  A river rat (D:6)
  A white imp (D:7)
  An ufetubus (D:5)
  A worm (D:3)
  A dart slug (D:2)
  29 orcs
  8 ball pythons
  4 endoplasms
  2 giant cockroaches
  10 goblins
  11 hobgoblins
  9 jackals
  32 kobolds
  3 quokkas
  3 bats
  2 frilled lizards (D:3)
  8 rats
466 creatures vanquished.

Vanquished Creatures (others)
  An orc (D:10)
1 creature vanquished.

Grand Total: 467 creatures vanquished

Notes
Turn   | Place    | Note
-------+----------+-------------------------------------------
     0 | D:1      | vineage the Merfolk Fighter began the quest for the Orb.
     0 | D:1      | Reached XP level 1. HP: 18/18 MP: 1/1
   112 | D:1      | Reached XP level 2. HP: 24/24 MP: 2/2
   115 | D:1      | Reached skill level 3 in Polearms
   332 | D:1      | Reached skill level 1 in Dodging
   625 | D:1      | Reached XP level 3. HP: 29/29 MP: 3/3
  1629 | D:3      | Reached XP level 4. HP: 37/37 MP: 4/4
  1855 | D:3      | Reached skill level 4 in Polearms
  1861 | D:3      | Noticed a scorpion
  1875 | D:3      | Killed a scorpion
  1876 | D:3      | Reached XP level 5. HP: 14/42 MP: 5/5
  2078 | D:3      | Found a burning altar of Makhleb.
  2078 | D:3      | Found a hide-covered altar of Uskayaw.
  2288 | D:4      | Found a staircase to the Ecumenical Temple.
  2336 | Temple   | Entered the Ecumenical Temple
  2434 | Temple   | Became a worshipper of Warmaster Okawaru
  2605 | D:4      | Reached XP level 6. HP: 49/49 MP: 6/6
  2703 | D:4      | Reached skill level 1 in Invocations
  2724 | D:4      | Noticed Natasha
  2731 | D:4      | Killed Natasha
  2831 | D:4      | Noticed Natasha
  2839 | D:4      | Killed Natasha
  2857 | D:4      | Noticed Natasha
  2874 | D:4      | Killed Natasha
  2928 | D:5      | Entered Level 5 of the Dungeon
  2940 | D:5      | Reached skill level 5 in Polearms
  3115 | D:5      | Reached XP level 7. HP: 46/55 MP: 8/8
  3193 | D:5      | Reached * piety under Okawaru
  3273 | D:5      | Reached skill level 5 in Fighting
  5557 | D:5      | Reached skill level 6 in Polearms
  5557 | D:5      | Reached XP level 8. HP: 63/63 MP: 10/10
  5932 | D:6      | Reached skill level 7 in Polearms
  6115 | D:6      | Reached ** piety under Okawaru
  6323 | D:6      | Reached XP level 9. HP: 65/71 MP: 11/11
  6653 | D:7      | Noticed Menkaure
  6661 | D:7      | Killed Menkaure
  6662 | D:7      | Reached skill level 8 in Polearms
  6662 | D:7      | Reached skill level 5 in Dodging
  6705 | D:7      | Reached skill level 5 in Shields
  6867 | D:7      | Reached skill level 5 in Armour
  7503 | D:8      | Reached *** piety under Okawaru
  7504 | D:8      | Reached skill level 9 in Polearms
  7558 | D:8      | Found a sacrificial altar of Ru.
  7600 | D:8      | Reached XP level 10. HP: 72/80 MP: 12/12
  8014 | D:9      | Noticed Psyche
  8028 | D:9      | Killed Psyche
  8128 | D:9      | Reached skill level 10 in Polearms
  8284 | D:9      | Reached **** piety under Okawaru
  8353 | D:9      | Noticed a cyclops
  8361 | D:9      | Killed a cyclops
  8467 | D:9      | Noticed a two-headed ogre
  8477 | D:9      | Killed a two-headed ogre
  8597 | D:9      | Found a blossoming altar of Fedhas.
  8613 | D:9      | Found an opulent altar of Gozag.
  8764 | D:9      | Noticed Amaemon
  8764 | D:9      | Noticed an orange demon
  8947 | D:9      | Killed Amaemon
  8950 | D:9      | Killed an orange demon
  8951 | D:9      | Reached skill level 11 in Polearms
  8951 | D:9      | Reached XP level 11. HP: 86/89 MP: 11/13
  9093 | D:10     | Entered Level 10 of the Dungeon
  9885 | D:10     | Found a staircase to the Orcish Mines.
  9963 | D:10     | Reached skill level 10 in Fighting
 10067 | D:11     | Noticed a skeletal warrior
 10100 | D:11     | Killed a skeletal warrior
 10322 | D:11     | Noticed a skeletal warrior
 10330 | D:11     | Noticed a skeletal warrior
 10331 | D:11     | Noticed a skeletal warrior
 10336 | D:11     | Killed a skeletal warrior
 10348 | D:11     | Noticed a green ugly thing
 10363 | D:11     | Killed a green ugly thing
 10433 | D:11     | Reached skill level 12 in Polearms
 10436 | D:11     | Reached ***** piety under Okawaru
 10474 | D:11     | Noticed a two-headed ogre
 10485 | D:11     | Killed a two-headed ogre
 10696 | D:11     | Received a gift from Okawaru
 10722 | D:11     | Noticed a cyclops
 10729 | D:11     | Killed a cyclops
 10780 | D:11     | Identified the +2 robe of Cuemetic {Str+2}
 10877 | D:11     | Reached XP level 12. HP: 87/99 MP: 14/14
 11163 | D:11     | Found a staircase to the Lair.
 11556 | D:11     | Reached skill level 13 in Polearms
 11604 | D:11     | Found a hide-covered altar of Uskayaw.
 11759 | D:12     | Found a frozen archway.
 11762 | D:12     | Noticed an ice dragon
 11982 | Lair:1   | Entered Level 1 of the Lair of Beasts
 12239 | Lair:1   | Noticed a death yak
 12239 | Lair:1   | Noticed a death yak
 12239 | Lair:1   | Noticed a death yak
 12239 | Lair:1   | Noticed a death yak
 12239 | Lair:1   | Noticed a death yak
 12240 | Lair:1   | Noticed a death yak
 12259 | Lair:1   | Killed a death yak
 12264 | Lair:1   | Killed a death yak
 12278 | Lair:1   | Killed a death yak
 12287 | Lair:1   | Killed a death yak
 12287 | Lair:1   | Received a gift from Okawaru
 12287 | Lair:1   | Found the +8 mithril axe "Arga" {speed, Will+}
 12296 | Lair:1   | Killed a death yak
 12312 | Lair:1   | Killed a death yak
 12636 | Lair:1   | Reached skill level 14 in Polearms
 12782 | Lair:1   | Reached XP level 13. HP: 108/108 MP: 15/15
 12951 | Lair:2   | Found a staircase to the Shoals.
 12979 | Lair:2   | Reached ****** piety under Okawaru
 13060 | Lair:2   | Received a gift from Okawaru
 13128 | Lair:2   | Reached skill level 10 in Dodging
 13375 | Lair:2   | Found a runed translucent gate.
 13375 | Lair:2   | Found a runed translucent gate.
 13375 | Lair:2   | Found a runed translucent gate.
 13377 | Lair:2   | Noticed a great orb of eyes
 13379 | Lair:2   | Noticed Flippered's ghost (journeyman AtFi)
 13420 | Lair:2   | Found a viscous altar of Jiyva.
 13607 | Lair:2   | Found a staircase to the Snake Pit.
 13830 | Lair:2   | Noticed Fannar
 13847 | Lair:2   | Killed Fannar
 14615 | Lair:3   | Reached skill level 15 in Polearms
 14772 | Lair:3   | Received a gift from Okawaru
 15690 | Lair:4   | Received a gift from Okawaru
 15751 | Lair:4   | Found a stormy altar of Qazlal.
 15778 | Lair:4   | Reached XP level 14. HP: 118/118 MP: 14/16
 15814 | Lair:4   | Received a gift from Okawaru
 17072 | Lair:5   | Entered Level 5 of the Lair of Beasts
 17253 | Lair:5   | Reached skill level 16 in Polearms
 17448 | Lair:5   | Reached skill level 10 in Armour
 17592 | Lair:5   | Identified the ring "Nisur" {rF+ rN+}
 17651 | Lair:5   | Identified the +7 chain mail "Usykhluxt" {rCorr Stlth+}
                  | (Okawaru gifted it to you on level 5 of the Lair of Beasts)
 17651 | Lair:5   | Received a gift from Okawaru
 18063 | Lair:5   | Slain by a death yak

Illustrated notes

Levels and vault maps discovered:
D:1:      shiori_shiawase, layout_loops_corners
D:2:      layout_loops_cross
D:3:      layout_rooms, jmf_multi_god_temple
D:4:      layout_rooms, minmay_temple_entry_enclosed_plants, serial_glass,
          glass_columns_a, glass_columns_c, glass_columns_a, glass_columns_a,
          glass_columns_a, glass_columns_c, uniq_natasha
D:5:      layout_basic, lightli_minifort
D:6:      layout_rooms, portal_sewer_entry_b, nicolae_grassy_gnolls
D:7:      layout_gridville, uniq_menkaure
D:8:      layout_loops_ring, kennysheep_mini_moat
D:9:      layout_cave_pods, mainiacjoe_overflow_swirl, uniq_psyche, uniq_amaemon
D:10:     layout_rooms, orc_0_dummy, minmay_puff
D:11:     layout_irregular_city, lair_entry_dummy, kennysheep_small_circle
D:12:     layout_irregular_city, hellmonk_ghost_happy_afterlife, serial_shops,
          shop, portal_ice_cave_entry_animals_and_master, billiards_dpeg,
          uniq_snorg, uniq_josephine
Temple:   nicolae_temple_bog_church
Lair:1:   layout_loops_ring
Lair:2:   layout_cave_pods, elwin_shoals_entry_rooms,
          minmay_snake_entry_guardpost_medium, gammafunk_ghost_ooze,
          lemuel_fruit_tree, uniq_fannar
Lair:3:   layout_hall_layers, st_stairs_7, lemuel_fruit_fields,
          grunt_megastairs_5, serial_bayou_shore_b
Lair:4:   layout_cave_pods, special_room [special_room_bee], basic_altar
Lair:5:   minmay_lair_end_enchanted_forest, layout_cave_pods, slime_entry_1

Skill      XL: |  1  2  3  4  5  6  7  8  9 10 11 12 13 14 |
---------------+-------------------------------------------+-----
Polearms       | 3 4 5 6 7 9 11 12 14 15 16 | 16.3
Dodging        | 1 2 3 4 6 7 8 9 10 12 | 12.0
Fighting       | 4 5 6 8 9 10 12 13 14 | 14.0
Armour         | 3 4 5 6 7 8 9 10 | 10.1
Invocations    | 1 3 |  3.0
Shields        | 4 5 6 7 8 9 |  9.9

Action                     |  1- 3 |  4- 6 |  7- 9 | 10-12 | 13-15 || total
---------------------------+-------+-------+-------+-------+-------++-------
  Melee: Trident           |   120 |   150 |   461 |   740 |  1043 ||  2514
         Tailslap          |       |       |     5 |       |       ||     5
 Invoke: Heroism           |       |       |     5 |    15 |    11 ||    31
    Use: Scroll            |     7 |     5 |     5 |    10 |     7 ||    34
         Potion            |       |     1 |       |     1 |       ||     2
 Armour: Scale mail        |    16 |       |       |       |       ||    16
         Chain mail        |    33 |    63 |   237 |   213 |   399 ||   945
  Dodge: Dodged            |    41 |    35 |   167 |   168 |   332 ||   743
  Block: Buckler           |    23 |    24 |    88 |       |       ||   135
         Tower shield      |       |       |   157 |   485 |   888 ||  1530

Table legend: (Time is in decaauts)
 A = Elapsed time spent in this place.
 B = Non-inter-level travel time spent in this place.
 C = Inter-level travel time spent in this place.
 D = Time resting spent in this place.
 E = Time spent auto-exploring this place.
 F = Levels seen in this place.
 G = Mean time per level.
                   A        B        C        D        E       F      G
               +--------+--------+--------+--------+--------+-----+--------+
         Total |  17883 |  17072 |    811 |   3846 |   9470 |  18 |  993.5 |
       Dungeon |  11901 |  11249 |    652 |   2699 |   6312 |  12 |  991.8 |
        Temple |     85 |     60 |     25 |      0 |     49 |   1 |   85.0 |
          Lair |   5896 |   5763 |    133 |   1147 |   3108 |   5 | 1179.2 |
               +--------+--------+--------+--------+--------+-----+--------+

Top non-repeatable levels by time:
     D:5: 2595 daAuts
    D:11: 1749 daAuts
  Lair:2: 1511 daAuts
  Lair:4: 1498 daAuts
     D:9: 1088 daAuts
  Lair:3: 1080 daAuts
    D:10: 991 daAuts
  Lair:5: 942 daAuts
     D:1: 935 daAuts
     D:7: 927 daAuts
  Lair:1: 864 daAuts
     D:6: 811 daAuts
     D:8: 754 daAuts
     D:2: 741 daAuts
     D:3: 615 daAuts
